 Dungeon Crawl Stone Soup version 0.24.0-123-gd5b16e6ec5 (webtiles) character file.

Game seed: 6890421128849577736, levelgen mode: deterministic

1008 DavidChitty2 the Spear-Bearer (level 8, -13/61 HPs)
             Began as a Merfolk Skald on Jan 30, 2020.
             Was an Initiate of Ru.
             Mangled by Joseph
             ... wielding a +0 quarterstaff
              (17 damage)
             ... on level 7 of the Dungeon.
             The game lasted 00:18:43 (8089 turns).

DavidChitty2 the Spear-Bearer (Merfolk Skald)       Turns: 8089, Time: 00:18:44

Health: -13/61     AC:  1    Str: 14    XL:     8   Next: 20%
Magic:  6/11       EV: 13    Int: 15    God:    Ru [......]
Gold:   202        SH:  4    Dex: 13    Spells: 4/13 levels left

rFire    + . .     SeeInvis .   a - +1 trident
rCold    . . .     Gourm    .   c - +0 buckler
rNeg     . . .     Faith    .   q - +0 ring mail
rPois    .         Spirit   .   (no helmet)
rElec    .         Reflect  .   (no cloak)
rCorr    .         Harm     .   (no gloves)
MR       .....                  (no boots)
Stlth    +.........             (no amulet)
HPRegen  0.20/turn              i - ring of protection from fire
MPRegen  0.12/turn              l - +3 ring of intelligence

@: infused, corroded
A: change form in water, swift swim, stealthy swim, low mp 1
a: Renounce Religion


You were on level 7 of the Dungeon.
You worshipped Ru.
Ru was noncommittal.
You were not hungry.

You visited 1 branch of the dungeon, and saw 7 of its levels.

You collected 202 gold pieces.

Inventory:

Hand Weapons
 a - a +1 trident (weapon)
   (You took it off an orc on level 5 of the Dungeon)
Armour
 c - a +0 buckler (worn)
   (You took it off an orc on level 3 of the Dungeon)
 q - a +0 ring mail (worn)
   (You found it on level 3 of the Dungeon)
Jewellery
 b - a +4 ring of strength
   (You found it on level 4 of the Dungeon)
 i - a ring of protection from fire (left hand)
   (You found it on level 2 of the Dungeon)
 l - a +3 ring of intelligence (right hand)
   (You found it on level 4 of the Dungeon)
Scrolls
 h - a scroll of teleportation {@r4}
 k - 3 scrolls of remove curse {@r2}
 t - a scroll of enchant weapon
Potions
 f - 3 potions of mutation {!q}
 g - a potion of magic {unknown}
 n - a potion of brilliance {unknown}
 o - 2 potions of flight
 p - a potion of might
 r - a potion of agility
 s - a potion of curing {@q1}
Comestibles
 e - 9 rations {!d}


   Skills:
 + Level 4.5 Fighting
 * Level 8.1 Polearms
 - Level 0.6 Armour
 + Level 5.4 Dodging
 + Level 2.2 Shields
 - Level 3.0 Spellcasting
 - Level 2.0 Hexes
 - Level 5.0 Charms


You had 4 spell levels left.
You knew the following spells:

 Your Spells              Type           Power        Failure   Level  Hunger
a - Infusion              Chrm           ###.         7%          1    #......
e - Regeneration          Chrm/Necr      #.........   50%         3    ###....
w - Song of Slaying       Chrm           ###.....     10%         2    ##.....
z - Spectral Weapon       Hex/Chrm       ##......     36%         3    ###....

Your spell library contained the following spells:

 Spells                   Type           Power        Failure   Level  Hunger
 Shroud of Golubria       Chrm/Tloc      #.....       28%         2    ##.....


Dungeon Overview and Level Annotations

Branches:
Dungeon (6/15)
 Temple: D:4-7

Altars:
Ashenzari
Elyvilon
Kikubaaqudgha
Makhleb
Ru
Sif Muna
Vehumet
Wu Jian
Xom

Shops:
D:4 [

Annotations:
D:3 1 runed translucent door, Voronwe's ghost, amateur VSWn
D:7 Joseph


Innate Abilities, Weirdness & Mutations

You revert to your normal form in water.
You are very nimble and swift while swimming.
You are very stealthy in the water. (Stealth+)
Your magical capacity is low. (-10% MP)


Message History

j - 10 chunks of flesh (gained 1)
Items here: ))) [[ รทรทรทรท x2
There is an open door here.
You open the door.
There is an open door here.
Found a potion of flight.
o - 2 potions of flight (gained 1) Some of the chunks of flesh in your inventory have rotted away.
You open the door.
There is an open door here.
Found an ornate altar of the Wu Jian Council.
Found 19 arrows.
You fall into a shaft and drop 1 floor!
The shaft crumbles and collapses.
You hear the roar of battle.
There is an entrance to a bailey on this level.
Hurry and find it before the portal closes forever!
All of the chunks of flesh in your inventory have rotted away.
Joseph, a Mercenary comes into view.
He is wielding a +0 quarterstaff and carrying a wand of acid (8).
Joseph shouts!
Joseph unwields a +0 quarterstaff.
Joseph wields a +0 hunting sling.
Joseph shoots a sling bullet.
The sling bullet hits you.
You see here a sling bullet.
Found a club.
You begin infusing your attacks with magical energy.
Joseph shoots a sling bullet.
The sling bullet hits you.
Joseph unwields a +0 hunting sling.
Joseph wields a +0 quarterstaff.
Joseph hits you with a +0 quarterstaff.
You hit Joseph. You barely miss Joseph. Joseph hits you with a +0 quarterstaff.
You barely miss Joseph. Joseph misses you.
You hit Joseph.
Joseph zaps a wand.
The bolt of acid hits you!
* * * LOW HITPOINT WARNING * * *
The acid corrodes you!
You are splashed with acid!
* * * LOW HITPOINT WARNING * * *
You feel much better. Joseph hits you with a +0 quarterstaff!
You hit Joseph but do no damage. You hit Joseph! You block Joseph's attack.
You hit Joseph. Joseph hits you with a +0 quarterstaff!
* * * LOW HITPOINT WARNING * * *
You closely miss Joseph. Joseph misses you.
You barely miss Joseph. You block Joseph's attack.
You closely miss Joseph. Joseph hits you with a +0 quarterstaff!
* * * LOW HITPOINT WARNING * * *
You hit Joseph. You barely miss Joseph. Joseph barely misses you.
A quokka comes into view.
You hit Joseph. Joseph hits you with a +0 quarterstaff!
You die...

..#
#########.##
...........
........#.#
######.#.##
...........#
##########..#
.)..........#
###########@#
#@# #.# #(#
#.# ..# ....
...#r .... ..


You could see Joseph and a quokka.

Vanquished Creatures
  Sigmund (D:2)
  An ogre (D:5)
  An orc priest (D:5)
  7 orc wizards
  3 hounds
  A jelly (D:5)
  A bullfrog skeleton (D:6)
  A bullfrog zombie (D:5)
  2 centaur skeletons
  2 iguanas
  A worker ant (D:5)
  A hound zombie (D:5)
  A hound skeleton (D:5)
  2 howler monkey skeletons
  4 adders
  An adder zombie (D:6)
  6 worms
  2 dart slugs
  5 leopard geckos
  32 orcs
  4 giant cockroaches
  8 goblins
  6 hobgoblins
  3 quokkas
  A ball python (D:2)
  8 bats
  4 frilled lizards
  8 kobolds
  11 rats
128 creatures vanquished.

Notes
Turn   | Place    | Note
-------+----------+-------------------------------------------
     0 | D:1      | DavidChitty2 the Merfolk Skald began the quest for the Orb.
     0 | D:1      | Reached XP level 1. HP: 16/16 MP: 3/3
   497 | D:1      | Reached XP level 2. HP: 22/22 MP: 5/5
   531 | D:1      | Learned a level 2 spell: Song of Slaying
  1231 | D:2      | Reached XP level 3. HP: 25/28 MP: 0/6
  1387 | D:2      | Reached skill level 4 in Polearms
  1421 | D:2      | Found a white marble altar of Elyvilon.
  1586 | D:2      | Noticed Sigmund
  1605 | D:2      | Killed Sigmund
  1605 | D:2      | Reached skill level 5 in Polearms
  1605 | D:2      | Reached XP level 4. HP: 18/35 MP: 0/8
  1605 | D:2      | Reached XP level 5. HP: 21/41 MP: 0/9
  1848 | D:2      | Learned a level 3 spell: Spectral Weapon
  1852 | D:2      | Learned a level 3 spell: Regeneration
  1961 | D:2      | Found a radiant altar of Vehumet.
  1961 | D:2      | Found an ancient bone altar of Kikubaaqudgha.
  1962 | D:2      | Found a shimmering blue altar of Sif Muna.
  1968 | D:2      | Identified Sif Muna's Grimoire of Enhancements
  2317 | D:3      | Reached XP level 6. HP: 43/47 MP: 10/10
  2637 | D:3      | Found a runed translucent door.
  2637 | D:3      | Noticed Voronwe's ghost (amateur VSWn)
  2687 | D:3      | Found a sacrificial altar of Ru.
  2688 | D:3      | Found a shattered altar of Ashenzari.
  2688 | D:3      | Found a burning altar of Makhleb.
  3004 | D:3      | Became a worshipper of Ru the Awakened
  3126 | D:3      | Found a shimmering altar of Xom.
  3399 | D:4      | Found Owkoacof's Armour Emporium.
  3411 | D:3      | Reached skill level 6 in Polearms
  3838 | D:3      | Reached skill level 1 in Hexes
  4724 | D:5      | Entered Level 5 of the Dungeon
  4743 | D:5      | Noticed a phantom
  4754 | D:5      | Reached XP level 7. HP: 25/53 MP: 11/11
  5499 | D:5      | Reached skill level 1 in Shields
  5552 | D:5      | Reached skill level 7 in Polearms
  5699 | D:5      | Gained mutation: Your magical capacity is low. (-10% MP)
                  | [Ru sacrifice]
  6647 | D:5      | Reached skill level 5 in Dodging
  7578 | D:6      | Reached XP level 8. HP: 30/61 MP: 11/11
  7736 | D:6      | Reached skill level 5 in Charms
  7834 | D:6      | Reached skill level 8 in Polearms
  8049 | D:6      | Found an ornate altar of the Wu Jian Council.
  8056 | D:6      | You fall into a shaft and drop 1 floor!
  8063 | D:7      | Noticed Joseph
  8086 | D:7      | HP: 3/61 [Joseph/+0 quarterstaff (17)]
  8089 | D:7      | Mangled by Joseph

Levels and vault maps discovered:
D:1:      roderic_crop_circles_arrival_small, layout_loops_corners
D:2:      layout_rooms, grunt_temple_overflow_magic_moments, lemuel_round_altar,
          uniq_sigmund
D:3:      layout_basic, lemuel_coloured_pillars_altar,
          chequers_temple_overflow_statue_of_worship,
          hellmonk_ghost_happy_afterlife, minmay_bisected
D:4:      layout_rooms, first_ration, serial_shops, shop
D:5:      layout_layer_cave, minmay_stone_trees_medium,
          kennysheep_generic_room_5
D:6:      minmay_inner_zag, layout_basic, kennysheep_mini, minitemple,
          temple_pool_b, serial_shops, nicolae_shop_window_shopping
D:7:      layout_basic, dancing_weapons_uskayaw, gammafunk_ghost_necromancy,
          enter_bailey_7, uniq_joseph

Skill      XL: |  1  2  3  4  5  6  7  8 |
---------------+-------------------------+-----
Dodging        | 3 4 5 |  5.4
Polearms       | 5 6 7 8 |  8.1
Fighting       | 3 4 |  4.5
Charms         | 4 5 |  5.0
Spellcasting   | 3 |  3.0
Hexes          | 1 2 |  2.0
Shields        | 1 2 |  2.2
Armour         | |  0.6

Action                   |  1- 3 |  4- 6 |  7- 9 || total
-------------------------+-------+-------+-------++-------
Melee: Spear             |   119 |   284 |    15 ||   418
       Trident           |       |       |   205 ||   205
 Cast: Infusion          |     5 |     7 |     9 ||    21
       Song of Slaying   |     1 |     1 |     1 ||     3
Invok: Sacrifice Essence |       |       |     1 ||     1
  Use: Scroll            |       |    10 |     5 ||    15
       Potion            |       |     2 |     2 ||     4
  Eat: Chunk             |     2 |    11 |     7 ||    20
       Ration            |       |       |     1 ||     1
Armor: Leather armour    |    15 |    55 |       ||    70
       Ring mail         |       |     6 |    53 ||    59
Dodge: Dodged            |    43 |   179 |   102 ||   324
Block: Buckler           |       |       |     5 ||     5
